 Dungeon Crawl Stone Soup version 0.31-a0-542-gdc2a67831c (webtiles) character file.

Game seed: 15764550998112994197

65846 garrulousMonolith the Severer (level 15, -8/76 (147) HPs)
             Began as a Hill Orc Monk on Aug 14, 2023.
             Was a High Priest of Beogh.
             Mangled by a profane servitor
             ... wielding a +3 demon whip of draining
              (17 damage)
             ... on level 2 of the Abyss on Aug 15, 2023.
             The game lasted 00:49:00 (22579 turns).

garrulousMonolith the Severer (Hill Orc Monk)      Turns: 22579, Time: 00:49:01

HP:   -8/76 (147)   AC: 28    Str: 34    XL:     15   Next: 17%
MP:   3/27          EV:  7    Int: 10    God:    Beogh [*****.]
Gold: 1384          SH: 11    Dex: 16    Spells: 14/14 levels left

rFire   + + +        x - +2 hand axe of Corruption {heavy, *Noise rPois rF+ rC++}
rCold   + + +        j - +0 kite shield
rNeg    . . .        h - +0 gold dragon scales
rPois   +            N - +0 helmet of Objectivity {Str+6 Dex+3}
rElec   .            W - +0 cloak {rF+}
rCorr   .            O - +2 pair of gloves {infuse}
SInv    .            V - +1 pair of boots {Stlth+}
Will    +....        l - amulet of regeneration Stlth
                     T - ring of protection from fire
HPRegen 1.12/turn    S - +6 ring of strength
MPRegen 0.20/turn

%: infuse magic (1 MP)
@: mighty, wreathed by umbra, studying Fighting, very heavily drained
A: walk on water
a: Renounce Religion, Smiting, Recall Orcish Followers, Give Item to Named
Follower


You were on level 2 of the Abyss.
You worshipped Beogh.
Beogh was extremely pleased with you.
You visited 4 branches of the dungeon, and saw 23 of its levels.
You visited the Abyss 1 time.
You also visited: Ossuary and Volcano.

You collected 2600 gold pieces.
You spent 1216 gold pieces at shops.

Inventory:

Hand Weapons
 a - a +0 broad axe of pain
 r - a +3 demon trident of venom
 x - the +2 hand axe of Corruption (weapon) {heavy, *Noise rPois rF+ rC++}
   (You found it on level 3 of the Dungeon)

   rF+:       It protects you from fire.
   rC++:      It greatly protects you from cold.
   rPois:     It protects you from poison *Noise: It may make a loud noise when
   swung.
 y - the +5 trident of Taunna {spect, rElec Str+5 Stlth-}
   (You found it on level 5 of the Lair of Beasts)

   Str+5:     It affects your strength (+5).
   rElec:     It insulates you from electricity.
   Stlth-:    It makes you less stealthy.
 H - a +0 broad axe
 I - a +0 halberd of venom
 Q - a +4 war axe of freezing
Missiles
 o - 6 atropa-tipped darts
 v - a throwing net
 w - 14 poisoned darts (quivered)
 U - 4 silver javelins
Armour
 h - +0 gold dragon scales (worn)
 j - a +0 kite shield (worn)
 N - the +0 helmet of Objectivity (worn) {Str+6 Dex+3}
   (You found it on level 12 of the Dungeon)

   Str+6:     It affects your strength (+6).
   Dex+3:     It affects your dexterity (+3).
 O - a +2 pair of gloves of infusion (worn)
 V - a +1 pair of boots of stealth (worn)
 W - a +0 cloak of fire resistance (worn)
Jewellery
 l - an amulet of regeneration (around neck)
 t - a ring of resist corrosion
 u - a ring of see invisible
 P - a ring of wizardry
 S - a +6 ring of strength (right hand)
 T - a ring of protection from fire (left hand)
Talismans
 E - a maw talisman
Wands
 b - a wand of flame (58)
 g - a wand of polymorph (20)
 k - a wand of paralysis (15)
 p - a wand of digging (1)
 D - a wand of roots (22)
 F - a wand of mindburst (6)
 R - a wand of quicksilver (6)
Scrolls
 d - a scroll of blinking
 e - 2 scrolls of enchant weapon
 f - 4 scrolls of amnesia
 i - a scroll of fear
 m - 3 scrolls of fog
 n - 6 scrolls of identify
 q - a scroll of vulnerability
 s - 11 scrolls of teleportation
 G - 7 scrolls of revelation
 Z - a scroll of silence
Potions
 c - 3 potions of resistance
 z - 8 potions of haste
 A - 5 potions of might
 B - 3 potions of magic
 C - 2 potions of cancellation
 J - 3 potions of berserk rage
 K - 4 potions of mutation
 M - 2 potions of enlightenment
 X - 2 potions of brilliance
Miscellaneous
 L - a condenser vane (inert)
 Y - a box of beasts


   Skills:
 + Level 17.5 Fighting
 - Level 18.0 Axes
 + Level 13.6 Armour
 - Level 2.4 Dodging
 + Level 8.5 Shields
 + Level 16.0 Invocations


You had 14 spell levels left.
You didn't know any spells.
Your spell library contained the following spells:

 Spells                   Type           Power      Damage    Failure   Level
 Foxfire                  Conj/Fire      0%         2x1d4     100%        1
 Kiss of Death            Conj/Necr      0%         2d5       100%        1
 Magic Dart               Conj           0%         1d3       100%        1
 Sandblast                Erth           0%         2d4       100%        1
 Shock                    Conj/Air       0%         1d3       100%        1
 Slow                     Hex            0%         N/A       100%        1
 Blink                    Tloc           0%         N/A       100%        2
 Call Imp                 Summ           0%         N/A       100%        2
 Ensorcelled Hibernation  Hex/Ice        0%         N/A       100%        2
 Lesser Beckoning         Tloc           0%         N/A       100%        2
 Momentum Strike          Conj/Tloc      0%         3d8       100%        2
 Passwall                 Tmut/Erth      0%         N/A       100%        2
 Poisonous Vapours        Pois/Air       0%         N/A       100%        2
 Searing Ray              Conj           0%         2d4       100%        2
 Sublimation of Blood     Necr           0%         N/A       100%        2
 Confusing Touch          Hex            0%         N/A       100%        3
 Ignite Poison            Fire/Tmut/Pois 0%         N/A       100%        3
 Mephitic Cloud           Conj/Pois/Air  0%         N/A       100%        3
 Swiftness                Air            0%         N/A       100%        3
 Vampiric Draining        Necr           0%         2d6       100%        3
 Airstrike                Air            0%         2d(0-16)  100%        4
 Anguish                  Hex/Necr       0%         N/A       100%        4
 Animate Armour           Summ/Erth      0%         N/A       100%        4
 Dispel Undead            Necr           0%         3d6       100%        4
 Petrify                  Tmut/Erth      0%         N/A       100%        4
 Sticky Flame             Conj/Fire      0%         2d3       100%        4
 Summon Lightning Spire   Summ/Air       0%         N/A       100%        4
 Freezing Cloud           Conj/Ice/Air   0%         6-21      100%        5
 Irradiate                Conj/Tmut      0%         3d11      100%        5
 Lee's Rapid Deconstruct  Erth           0%         3d4*      100%        5
 Plasma Beam              Fire/Air       0%         2x1d10    100%        6
 Starburst                Conj/Fire      0%         6d3       100%        6
 Spellforged Servitor     Conj/Summ      0%         N/A       100%        7
 Ignition                 Fire           0%         3d3       100%        8


Dungeon Overview and Level Annotations

Branches:
Dungeon (15/15)            Temple (0/1) D:6            Lair (5/5) D:8
 Shoals (1/4) Lair:3        Snake (0/4) Lair:3        Slime (0/5) Lair:5
    Orc (2/2) D:10            Elf (0/3) Orc:2        Vaults (0/5) D:13
 Depths (0/4) D:15        Ossuary (visited)         Volcano (visited)

Altars:
Dithmenos
Elyvilon
Hepliaklqana
Makhleb
Qazlal
Trog
Vehumet
Beogh
Jiyva

Shops:
D:1 !   D:2 (   D:14 [   Orc:1 [   Orc:2 *([:

Annotations:
Lair:3 exclusion: oklob plant
Lair:5 1 runed translucent door


Message History

You feel drained.
You block the profane servitor's attack.
You barely miss the profane servitor.
The profane servitor is almost destroyed.
The profane servitor hits you with a +3 demon whip of draining!
The profane servitor draws strength from your injuries!
You feel drained.
The profane servitor hits you with a +3 demon whip of draining.
* * * LOW HITPOINT WARNING * * *
You feel drained.
* * * LOW HITPOINT WARNING * * *
The profane servitor hits you but does no damage.
You feel drained.
The profane servitor hits you but does no damage.
You feel drained.
Okay, then.
Clouds condense from the air!
The condenser dries out!
The profane servitor hits you with a +3 demon whip of draining!
* * * LOW HITPOINT WARNING * * *
The profane servitor draws strength from your injuries!
You feel drained.
* * * LOW HITPOINT WARNING * * *
You block the profane servitor's attack.
The raiju is engulfed in blazing flames.
The jelly is engulfed in blazing flames.
You kill the jelly!
Beogh accepts your kill.
A lich comes into view.
Aiming: Smiting
Press: ? - help, Dir - move target, f/p - profane servitor Smite: a profane servitor, wielding a +3 demon whip of draining (almost destroyed, umbra)
You smite the profane servitor!!
The profane servitor is almost destroyed.
The profane servitor hits you but does no damage.
You feel drained.
You block the profane servitor's attack.
The raiju is engulfed in noxious fumes.
The raiju appears confused.
The raiju is engulfed in blazing flames.
The profane servitor hits you with a +3 demon whip of draining!
You die...

. # . #.# # ##
#.## . ###L###
#.#.###Ah§§..#
. #†#..@# .
#.#..#.# .
#.###..## .#
#..#.# .. #
.#...## .
.._..## # # ..
# # .. # # # .
#. . .


You could see a profane servitor, a lich and a raiju.

Vanquished Creatures
  Saint Roka (Orc:2)
  Kirke (Lair:4)
  A merfolk impaler (Shoals:1)
  Fannar (D:10)
  2 vault guards (D:13)
  An ogre mage (D:15)
  An ice dragon (D:15)
  A hydra (Lair:5)
  A boulder beetle (D:15)
  2 two-headed ogres
  An orc high priest (Orc:1)
  A skyshark (Lair:4)
  2 large abominations (Abyss:2)
  A deep elf archer (Volcano)
  8 deep elf pyromancers (Volcano)
  An orc knight (Orc:2)
  2 manticores
  2 ugly things
  3 fauns (Shoals:1)
  A salamander (Lair:3)
  A wolf spider (Lair:2)
  A merfolk siren (Lair:3)
  Maurice (D:12)
  A molten gargoyle (Lair:3)
  A smoke demon (Abyss:2)
  4 cane toads
  2 rime drakes
  2 efreet (Abyss:2)
  A komodo dragon (Lair:1)
  A freezing wraith (Abyss:2)
  A merfolk (Shoals:1)
  2 trolls
  A wind drake (Lair:5)
  A raiju (Abyss:2)
  A blink frog (Lair:5)
  A jumping spider (shapeshifter) (D:14)
  A small abomination (Abyss:2)
  A shadow (D:12)
  10 slime creatures
  A vampire (D:8)
  4 wraiths
  7 fire elementals (Volcano)
  12 yaks
  A human (D:11)
  3 basilisks
  2 steam dragons
  Menkaure (D:4)
  2 acid dragons
  A warg (Orc:2)
  5 hell hounds (Volcano)
  2 water moccasins
  5 orc warriors
  2 ice beasts
  A black bear (Lair:2)
  7 ogres
  2 wolves (Lair:1)
  5 centaurs
  A kobold brigand (D:6)
  Blork the orc (D:4)
  7 bullfrogs
  A gnoll sergeant (D:7)
  3 wights (D:8)
  2 howler monkeys
  A crimson imp (D:7)
  3 centaur zombies (Ossuary)
  A quasit (Abyss:2)
  A hound (D:6)
  A jelly (Abyss:2)
  2 orc priests (D:6)
  6 iguanas
  Terence (D:3)
  3 sleepcaps
  Natasha (thrice) (D:3)
  4 orc wizards
  2 mummies (Ossuary)
  8 gnolls
  4 adders
  2 shadow imps
  4 white imps
  2 ufetubi
  5 worms
  25 orcs
  8 bats
  6 endoplasms
  3 giant cockroaches
  7 goblins
  5 hobgoblins
  11 jackals
  5 quokkas
  3 ball pythons
  3 frilled lizards (D:2)
  3 goblin zombies (Ossuary)
  7 hobgoblin zombies (Ossuary)
  A jackal zombie (Ossuary)
  14 kobolds
  8 kobold zombies (Ossuary)
  4 orc zombies (Ossuary)
  3 rats
  A rat zombie (Ossuary)
316 creatures vanquished.

Vanquished Creatures (collateral kills)
  Jorgrun (D:12)
  Gastronok (Lair:3)
  Agnes (D:15)
  An ettin (Orc:2)
  Josephine (Shoals:1)
  A fire dragon (D:15)
  6 vault guards (D:13)
  A merfolk avatar (Lair:5)
  5 hydras
  4 centaur warriors
  2 catoblepae
  2 boulder beetles
  6 two-headed ogres
  The ghost of baller8008 the Thaumaturge, a journeyman DECj of Sif Muna (D:12)
  Urug (Lair:3)
  2 orc high priests (Orc:2)
  Nergalle (Lair:1)
  A skyshark (Lair:5)
  2 sea snakes
  4 orc knights
  A deep elf zephyrmancer (D:11)
  A harpy (Lair:5)
  A wolf spider (Lair:2)
  2 deep elf pyromancers (D:15)
  3 ugly things
  2 cyclopes (D:15)
  A manticore (D:15)
  An orc sorcerer (Orc:2)
  A faun (Shoals:1)
  A water nymph (Shoals:1)
  11 slime creatures
  Joseph (D:8)
  3 black mambas
  A gargoyle (D:13)
  A torpor snail (Lair:4)
  Maggie (D:8)
  9 cane toads
  A rime drake (Lair:5)
  3 komodo dragons (Lair:5)
  3 trolls
  A wind drake (Lair:5)
  4 polar bears
  2 hornets (Lair:5)
  A snapping turtle (Lair:5)
  5 blink frogs
  A water elemental (Shoals:1)
  2 wyverns
  2 wraiths (Shoals:1)
  2 centaur simulacra
  2 hogs (Lair:4)
  25 yaks
  A warg (Orc:2)
  11 orc warriors
  5 water moccasins
  2 black bears
  7 ogres
  3 centaurs
  12 wolves
  5 bullfrogs
  2 wights (D:8)
  A vampire bat (D:11)
  A howler monkey (D:9)
  2 lava snakes (Lair:3)
  A crimson imp (D:11)
  2 jellies
  2 human zombies (Ossuary)
  11 orc priests
  2 sleepcaps (D:7)
  3 orc wizards
  3 gnolls
  A white imp (D:8)
  An ufetubus (D:7)
  13 orcs
  3 bats (D:11)
  3 hobgoblin zombies (Ossuary)
  3 kobold zombies (Ossuary)
  A rat zombie (Ossuary)
240 creatures vanquished.

Vanquished Creatures (others)
  3 orc knights
  18 orc warriors
  A deep elf pyromancer (Volcano)
  An orc sorcerer (Orc:2)
  2 smoke demons (Abyss:2)
  2 humans (Lair:4)
  8 orc priests
  5 orc wizards
  42 orcs
82 creatures vanquished.

Grand Total: 638 creatures vanquished

Notes
Turn   | Place    | Note
-------+----------+-------------------------------------------
     0 | D:1      | garrulousMonolith the Hill Orc Monk began the quest for the
                  | Orb.
     0 | D:1      | Reached XP level 1. HP: 19/19 MP: 1/1
   353 | D:1      | Found Azaur's Distillery.
   376 | D:1      | Bought a potion of curing for 42 gold pieces
   515 | D:1      | Reached XP level 2. HP: 27/27 MP: 2/2
   875 | D:2      | Reached skill level 1 in Invocations
   987 | D:2      | Reached skill level 1 in Armour
  1068 | D:2      | Reached XP level 3. HP: 33/33 MP: 3/3
  1305 | D:2      | Found Wewot's Weapon Boutique.
  1895 | D:3      | Identified the +2 hand axe of Corruption {heavy, *Noise
                  | rPois rF+ rC++}
  1940 | D:3      | Reached skill level 5 in Axes
  2107 | D:3      | Reached XP level 4. HP: 12/40 MP: 5/5
  2208 | D:3      | Noticed Natasha
  2219 | D:3      | Killed Natasha
  2220 | D:3      | Reached XP level 5. HP: 41/47 MP: 6/6
  2252 | D:3      | Noticed Terence
  2260 | D:3      | Killed Terence
  2566 | D:3      | Became a worshipper of Beogh the Brigand
  2566 | D:3      | Reached * piety under Beogh
  2566 | D:3      | Reached ** piety under Beogh
  2842 | D:3      | Reached skill level 6 in Axes
  2958 | D:3      | Noticed Natasha
  3041 | D:3      | Killed Natasha
  3042 | D:3      | Reached XP level 6. HP: 53/53 MP: 8/8
  3065 | D:3      | Noticed Natasha
  3076 | D:3      | Killed Natasha
  3083 | D:4      | Found a bloodstained altar of Trog.
  3106 | D:4      | Noticed Menkaure
  3463 | D:4      | Killed Menkaure
  3464 | D:4      | Reached skill level 5 in Fighting
  3662 | D:4      | Noticed Blork the orc
  3668 | D:4      | Killed Blork the orc
  3669 | D:4      | Reached skill level 7 in Axes
  3669 | D:4      | Reached XP level 7. HP: 60/61 MP: 8/10
  3753 | D:5      | Entered Level 5 of the Dungeon
  4470 | D:6      | Reached skill level 8 in Axes
  4488 | D:6      | Found a staircase to the Ecumenical Temple.
  4534 | D:6      | Noticed a steam dragon
  4542 | D:6      | Reached *** piety under Beogh
  4546 | D:6      | Reached skill level 5 in Invocations
  4546 | D:6      | Reached XP level 8. HP: 17/70 MP: 11/11
  4554 | D:6      | Reached skill level 9 in Axes
  4731 | D:6      | Found a sand-covered staircase.
  4736 | Ossuary  | Entered an ossuary
  4788 | Ossuary  | Reached skill level 5 in Armour
  4795 | Ossuary  | Reached **** piety under Beogh
  5142 | D:6      | Reached skill level 10 in Axes
  5277 | D:7      | Reached XP level 9. HP: 77/78 MP: 13/13
  5297 | D:7      | Found a white marble altar of Elyvilon.
  5469 | D:7      | Gained Wargrak as an ally
  6616 | D:8      | Noticed Maggie
  6624 | D:8      | Killed Maggie
  6625 | D:8      | Reached skill level 11 in Axes
  6952 | D:8      | Found a staircase to the Lair.
  6960 | D:8      | Found a stormy altar of Qazlal.
  7445 | D:8      | Noticed Joseph
  7453 | D:8      | Killed Joseph
  7980 | D:9      | Found a burning altar of Makhleb.
  7999 | D:9      | Noticed a purple ugly thing
  8005 | D:9      | Killed a purple ugly thing
  8006 | D:9      | Reached skill level 12 in Axes
  8006 | D:9      | Reached XP level 10. HP: 77/88 MP: 14/16
  8016 | D:9      | Gained Boruk as an ally
  8264 | D:9      | Found a hazy altar of Hepliaklqana.
  8264 | D:9      | Found a shadowy altar of Dithmenos.
  8526 | D:10     | Entered Level 10 of the Dungeon
  8560 | D:10     | Noticed Fannar
  8565 | D:10     | Killed Fannar
  8566 | D:10     | Reached skill level 13 in Axes
  8811 | D:10     | Got the Tractate on Assaults
  8884 | D:10     | Noticed a two-headed ogre
  8891 | D:10     | Killed a two-headed ogre
  9034 | D:10     | Found a staircase to the Orcish Mines.
  9596 | D:11     | Noticed a two-headed ogre
  9602 | D:11     | Killed a two-headed ogre
  9603 | D:11     | Reached skill level 14 in Axes
  9603 | D:11     | Reached XP level 11. HP: 84/97 MP: 18/18
  9862 | D:11     | Noticed a red ugly thing
  9864 | D:11     | Noticed a deep elf zephyrmancer
  9869 | D:11     | Killed a red ugly thing
  9876 | D:11     | HP: 4/99 [deep elf zephyrmancer/bolt of lightning (31)]
  9879 | D:11     | Killed a deep elf zephyrmancer
 10289 | Lair:1   | Entered Level 1 of the Lair of Beasts
 10300 | Lair:1   | Reached skill level 10 in Invocations
 10462 | Lair:1   | Noticed Nergalle
 10467 | Lair:1   | Killed Nergalle
 10537 | Lair:1   | Reached skill level 10 in Fighting
 10606 | Lair:1   | Reached skill level 15 in Axes
 10842 | Lair:1   | Gained Borgoth as an ally
 11694 | Lair:2   | Reached XP level 12. HP: 90/108 MP: 20/20
 11736 | Lair:2   | Reached skill level 16 in Axes
 12365 | Lair:3   | Noticed a six-headed hydra
 12368 | Lair:3   | Killed a seven-headed hydra
 12371 | Lair:3   | Noticed Urug
 12378 | Lair:3   | Killed Urug
 12462 | Lair:3   | Found a staircase to the Snake Pit.
 12598 | Lair:3   | Found a dark tunnel.
 12618 | Volcano  | Entered a volcano
 12662 | Volcano  | Reached ***** piety under Beogh
 12681 | Volcano  | Reached skill level 10 in Armour
 12698 | Volcano  | Reached skill level 17 in Axes
 13102 | Lair:3   | Noticed Gastronok
 13111 | Lair:3   | Killed Gastronok
 13459 | Lair:3   | Found a staircase to the Shoals.
 13714 | Lair:4   | Noticed Kirke
 13721 | Lair:4   | Killed Kirke
 13722 | Lair:4   | Reached XP level 13. HP: 114/118 MP: 22/22
 13927 | Lair:4   | Reached skill level 18 in Axes
 14437 | Lair:4   | Identified a scroll of acquirement
 14438 | Lair:4   | Acquired a manual of Fighting
 14470 | Lair:5   | Entered Level 5 of the Lair of Beasts
 14499 | Lair:5   | Reached skill level 1 in Shields
 14657 | Lair:5   | Got the Teachings on Dusty Permutations
 14658 | Lair:5   | Identified the +5 trident of Taunna {spect, rElec Str+5
                  | Stlth-}
 14806 | Lair:5   | Found a runed translucent door.
 14807 | Lair:5   | Found a viscous altar of Jiyva.
 14807 | Lair:5   | Noticed an acid blob
 14807 | Lair:5   | Noticed an acid blob
 14808 | Lair:5   | Found a staircase to the Slime Pits.
 15658 | D:12     | Acquired a +1 pair of gloves of infusion
 15734 | D:12     | Noticed Maurice
 15743 | D:12     | Killed Maurice
 15885 | D:12     | Found a runed translucent gate.
 15886 | D:12     | Found a runed translucent gate.
 15886 | D:12     | Noticed baller8008's ghost (journeyman DECj)
 15887 | D:12     | Found a runed translucent gate.
 15894 | D:12     | Found a roughly hewn altar of Beogh.
 15904 | D:12     | Killed baller8008's ghost
 15926 | D:12     | Identified the +0 helmet of Objectivity {Str+6 Dex+3}
 16037 | D:12     | Noticed Jorgrun
 16045 | D:12     | Killed Jorgrun
 16184 | D:13     | Noticed a vault guard
 16190 | D:13     | Reached skill level 5 in Shields
 16191 | D:13     | Noticed a vault guard
 16191 | D:13     | Killed a vault guard
 16194 | D:13     | Reached XP level 14. HP: 120/133 MP: 17/24
 16240 | D:13     | Reached ****** piety under Beogh
 16241 | D:13     | Reached skill level 15 in Fighting
 16459 | Orc:1    | Entered Level 1 of the Orcish Mines
 16738 | Orc:2    | Entered Level 2 of the Orcish Mines
 17093 | Orc:1    | HP: 3/135 [orc knight/+3 great mace (17)]
 17452 | Orc:1    | Found Qurot's Armour Shoppe.
 17711 | Orc:2    | Gained Wardok as an ally
 17712 | Orc:2    | Found a staircase to the Elven Halls.
 17888 | Orc:2    | Noticed Saint Roka
 17893 | Orc:2    | HP: 6/132 [Saint Roka/divine providence (7)]
 17894 | Orc:2    | Killed Saint Roka
 17901 | Orc:2    | Found a roughly hewn altar of Beogh.
 17903 | Orc:2    | HP: 2/132 [orc sorcerer/bolt of negative energy (17)]
 17904 | Orc:2    | Your ally Wardok died
 18051 | Orc:2    | Found Hipsiorgh's General Store.
 18069 | Orc:2    | Found Xuytuzxa's Antique Weapon Boutique.
 18073 | Orc:2    | Found Uludiusi's Book Boutique.
 18209 | Orc:2    | Found Vozuo's Antique Armour Boutique.
 18329 | Orc:2    | Found a roughly hewn altar of Beogh.
 18336 | Orc:2    | Reached skill level 15 in Invocations
 18492 | Orc:2    | Bought a transparent helmet for 294 gold pieces
 18492 | Orc:2    | Identified the +1 helmet "Syxtohuc" {Dex+3} (You bought it
                  | in a shop on level 2 of the Orcish Mines)
 19007 | D:13     | Found a gate to the Vaults.
 19292 | D:14     | Found Foxkar's Armour Emporium.
 19299 | D:14     | Bought +0 gold dragon scales for 880 gold pieces
 19440 | D:14     | Gained Bogward as an ally
 19985 | D:14     | Found a radiant altar of Vehumet.
 20061 | D:15     | Entered Level 15 of the Dungeon
 20191 | D:15     | Noticed Agnes
 20193 | D:15     | Killed Agnes
 20470 | D:15     | Identified the +1 cloak "Fuviosto" {rPois}
 20485 | D:15     | Found a staircase to the Depths.
 21088 | Shoals:1 | Entered Level 1 of the Shoals
 21109 | Shoals:1 | Reached XP level 15. HP: 83/147 MP: 9/26
 21852 | Shoals:1 | Noticed Josephine
 21859 | Shoals:1 | Killed Josephine
 22303 | Abyss:2  | Cast into level 2 of the Abyss (merfolk impaler)
 22371 | Abyss:2  | Noticed a bone dragon
 22501 | Abyss:2  | Found a corrupted altar of Lugonu.
 22562 | Abyss:2  | Noticed a profane servitor
 22578 | Abyss:2  | Noticed a lich
 22579 | Abyss:2  | Mangled by a profane servitor

Illustrated notes

Levels and vault maps discovered:
D:1:      arrival_zaba_pyramid, layout_basic, serial_shops, shop
D:2:      minmay_skewed_foursquare, layout_loops_cross, serial_shops,
          nicolae_shop_waterfront, minmay_puff
D:3:      layout_loops_corners, uniq_terence, uniq_natasha
D:4:      layout_rooms, mainiacjoe_overflow_brackets, fountainhead,
          serial_bayou_lagoon_a, uniq_blork_the_orc, uniq_menkaure
D:5:      layout_loops_ring, nicolae_houndstooth_variations
D:6:      layout_rooms, minmay_temple_entry_sparse_star, enter_ossuary_2,
          minmay_bent
D:7:      layout_rooms, elyvilon_altar_1, serial_glass, glass_columns_a,
          glass_columns_b, minmay_fire_ice_demons
D:8:      layout_layer_cave, mainiacjoe_overflow_chevrons, lair_entry_dummy,
          uniq_joseph, uniq_maggie
D:9:      layout_basic, riverfiend_overflow_shadow_ancestor, bloody_makhleb
D:10:     layout_roguey, david_orc_2, uniq_fannar
D:11:     layout_long_grid, hangedman_stone_soup, roderic_batcave
D:12:     layout_roguey, biasface_ghost_orc_armoury, uniq_jorgrun, uniq_maurice
D:13:     layout_cave_pools, erik_vaults_2
D:14:     layout_roguey, serial_shops, shop, fiery_altar_vehumet
D:15:     grunt_enter_depths_hoard, layout_small_grid,
          chequers_serial_rivers_micro_b, uniq_agnes
Lair:1:   layout_concentric_octagons, grunt_megastairs_5, uniq_nergalle
Lair:2:   layout_gridlike, nicolae_lair_run_with_the_wolves, lemuel_fruit_tree
Lair:3:   minmay_lair_oklob_tunnel, layout_cellular_growth,
          minmay_shoals_entry_lonely_mermaid, nicolae_snake_entry_warm_welcome,
          nicolae_volcano_entry_hallway, serial_bayou_shore_b,
          serial_bayou_shore_b, uniq_urug, uniq_gastronok
Lair:4:   layout_misc_corridors, uniq_kirke
Lair:5:   gammafunk_lair_ancient_temple, layout_big_grid, slime_entry_2
Shoals:1: layout_shoals, nicolae_shoals_beach_house_on_fowls_legs,
          uniq_josephine
Orc:1:    layout_diamond_mine, special_room [special_room_orc], serial_shops,
          shop
Orc:2:    grunt_orc_cross, layout_caves, minmay_orc_temple_c
Abyss:2:  base: D:6, hangedman_abyss_river_spirits

Skill      XL: |  1  2  3  4  5  6  7  8  9 10 11 12 13 14 15 |
---------------+----------------------------------------------+-----
Invocations    | 1 2 3 4 5 6 8 9 11 12 14 15 16 | 16.0
Armour         | 1 2 3 4 5 6 8 9 10 12 13 | 13.6
Fighting       | 4 5 6 8 9 10 12 14 17 | 17.5
Axes           | 5 6 7 8 10 12 14 15 17 18 | 18.0
Shields        | 5 8 |  8.5
Dodging        | |  2.4

Action                     |  1- 3 |  4- 6 |  7- 9 | 10-12 | 13-15 || total
---------------------------+-------+-------+-------+-------+-------++-------
  Melee: Hand axe          |   152 |   145 |   176 |   279 |   398 ||  1150
         Unarmed           |       |     5 |       |       |       ||     5
  Throw: Dart              |     1 |       |       |       |       ||     1
 Invoke: Convert to Beogh  |       |     1 |       |       |       ||     1
         Smiting           |       |       |     2 |     7 |    23 ||    32
         Recall Orcish Fol |       |       |       |     1 |     9 ||    10
         Give Item to Name |       |       |       |     3 |     1 ||     4
         Stop Recall       |       |       |       |       |     4 ||     4
  Evoke: Wand              |       |       |     1 |       |       ||     1
         Condenser vane    |       |       |       |       |     1 ||     1
    Use: Potion            |     2 |     2 |     3 |     5 |    13 ||    25
         Scroll            |     2 |     1 |     9 |     1 |    15 ||    28
   Stab: Distracted        |       |       |     1 |     2 |     5 ||     8
 Armour: Ice dragon scales |    54 |    63 |   146 |       |       ||   263
         Swamp dragon scal |       |       |     6 |   119 |   129 ||   254
         Gold dragon scale |       |       |       |       |   129 ||   129
  Dodge: Dodged            |    77 |    70 |   138 |   151 |   171 ||   607
  Block: Kite shield       |       |       |       |       |   137 ||   137

Table legend: (Time is in decaauts)
 A = Elapsed time spent in this place.
 B = Non-inter-level travel time spent in this place.
 C = Inter-level travel time spent in this place.
 D = Time resting spent in this place.
 E = Time spent auto-exploring this place.
 F = Levels seen in this place.
 G = Mean time per level.
                   A        B        C        D        E       F      G
               +--------+--------+--------+--------+--------+-----+--------+
         Total |  22678 |  21373 |   1305 |   4979 |  12332 |  26 |  872.2 |
       Dungeon |  13621 |  12783 |    838 |   2593 |   8127 |  15 |  908.1 |
          Lair |   4779 |   4413 |    366 |    899 |   2769 |   5 |  955.8 |
        Shoals |   1213 |   1213 |      0 |    704 |    230 |   1 | 1213.0 |
  Orcish Mines |   2202 |   2101 |    101 |    611 |    923 |   2 | 1101.0 |
         Abyss |    275 |    275 |      0 |     89 |     86 |   1 |  275.0 |
       Ossuary |    253 |    253 |      0 |     70 |     99 |   1 |  253.0 |
       Volcano |    333 |    333 |      0 |     13 |     97 |   1 |  333.0 |
               +--------+--------+--------+--------+--------+-----+--------+

Top non-repeatable levels by time:
     D:8: 1975 daAuts
     D:3: 1244 daAuts
   Orc:2: 1236 daAuts
Shoals:1: 1213 daAuts
  Lair:1: 1141 daAuts
  Lair:2: 1094 daAuts
     D:2: 1089 daAuts
  Lair:3: 1076 daAuts
    D:10: 981 daAuts
   Orc:1: 966 daAuts
    D:12: 900 daAuts
     D:7: 897 daAuts
     D:1: 863 daAuts
    D:14: 831 daAuts
    D:11: 824 daAuts
